Map: Romanticide LE

Players

DPGZest (Zest) - Winner!

  • Race: Protoss Protoss

Trap

  • Race: Protoss Protoss

Event: ASUS ROG Fall 2021

VOD

Have the link to the VOD?

Description

Time

  • Played on: Sept. 17, 2021, 7:31 a.m.
  • Length: 11:03

All games in this series

Show
View Real Time Build Order
Export as new Build Order

DPGZest Protoss - Winner!

Build Orders:  

Get SALT Encoding   

  12  0:00  Probe  
  13  0:12  Probe  
  14  0:17  Pylon  
  14  0:24  Probe (Chrono Boost)  
  15  0:36  Gateway, Probe (Chrono Boost)  
  16  0:44  Probe (Chrono Boost)  
  16  0:45  Assimilator  
  17  0:51  Probe  
  18  1:03  Probe (Chrono Boost)  
  19  1:04  Assimilator  
  19  1:10  Gateway  
  19  1:12  Probe (Chrono Boost)  
  19  1:17  Probe (Chrono Boost)  
  20  1:23  Cybernetics Core  
  21  1:29  Probe  
  22  1:33  Pylon  
  22  1:41  Probe  
  23  1:53  Probe  
  24  1:57  Warp Gate (Chrono Boost)  
  24  1:59  Stalker x2  
  28  2:12  Pylon  
  28  2:24  Probe  
  28  2:29  Stalker  
  31  2:30  Stalker  
  33  2:51  Nexus  
  33  2:59  Sentry  
  37  3:07  Robotics Facility  
  35  3:13  Shield Battery  
  35  3:17  Pylon  
  33  3:44  Stalker x2  
  37  3:54  Immortal  
  41  4:10  Sentry  
  41  4:11  Stalker  
  45  4:20  Probe x2 (Chrono Boost)  
  47  4:30  Probe x2 (Chrono Boost)  
  49  4:35  Probe x2 (Chrono Boost)  
  53  4:46  Twilight Council, Probe x2  
  55  4:53  Pylon  
  55  4:57  Observer  
  55  4:58  Probe  
  55  4:59  Forge, Probe  
  56  5:10  Blink (Chrono Boost), Probe  
  56  5:11  Probe  
  56  5:13  Gateway  
  58  5:16  Gateway  
  58  5:21  Observer  
  58  5:22  Probe  
  58  5:23  Probe  
  60  5:28  Protoss Ground Weapons Level 1 (Chrono Boost)  
  60  5:34  Assimilator, Probe  
  60  5:35  Probe  
  62  5:39  Immortal  
  66  5:49  Pylon  
  66  5:54  Nexus  
  66  6:02  Stalker x2  
  66  6:19  Stalker  
  66  6:20  Stalker  
  66  6:21  Probe x2  
  66  6:24  Shield Battery  
  72  6:30  Shield Battery  
  72  6:32  Warp Prism (Chrono Boost)  
  72  6:37  Probe  
  72  6:46  Pylon  
  72  6:47  Pylon  
  72  6:49  Assimilator  
  72  6:50  Observer  
  72  7:01  Pylon  
  72  7:04  Probe x2  
  72  7:06  Stalker x4  
  72  7:08  Probe  
  83  7:11  Observer  
  84  7:16  Probe x2  
  84  7:20  Probe  
  84  7:21  Protoss Ground Weapons Level 2 (Chrono Boost)  
  83  7:28  Probe  
  84  7:30  Stalker x4  
  84  7:33  Probe x2  
  94  7:45  Probe  
  94  7:47  Probe x2  
  93  7:54  Stalker x3  
  93  7:55  Zealot  
  93  7:57  Probe  
  99  7:59  Probe x2  
  95  8:09  Probe  
  88  8:13  Probe  
  88  8:16  Probe  
  88  8:17  Immortal (Chrono Boost)  
  86  8:21  Probe  
  77  8:29  Observer  
  77  8:34  Pylon  
  73  8:36  Stalker x4  
  73  8:40  Gateway  
  81  8:41  Gateway  
  81  8:43  Gateway  
  81  8:46  Gateway  
  81  8:51  Observer  
  81  8:52  Observer  
  81  8:53  Warp Prism (Chrono Boost)  
  81  8:59  Pylon  
  81  9:00  Sentry, Stalker  
  81  9:01  Stalker  
  89  9:02  Stalker  
  89  9:08  Assimilator  
  89  9:09  Pylon  
  91  9:17  Observer  
  91  9:27  Assimilator  
  91  9:29  Observer  
  91  9:31  Stalker x4  
  99  9:42  Stalker x4  
  107  9:55  Pylon  
  107  9:57  Stalker  
  107  9:58  Stalker x3  
  107  9:59  Stalker, Zealot x2  
  120  10:14  Stalker  
  122  10:23  Stalker x2  
  122  10:24  Stalker x3  
  122  10:25  Zealot x2  
  132  10:39  Stalker  
  132  10:42  Pylon  
  134  10:46  Stalker x2  
Show
View Real Time Build Order
Export as new Build Order

Trap Protoss 

Build Orders: Blink Stalkers 

Get SALT Encoding   

  12  0:00  Probe  
  13  0:12  Probe  
  14  0:17  Pylon  
  14  0:24  Probe (Chrono Boost)  
  15  0:36  Gateway, Probe (Chrono Boost)  
  16  0:44  Probe (Chrono Boost)  
  16  0:46  Assimilator  
  17  0:50  Probe  
  18  1:03  Probe (Chrono Boost)  
  19  1:04  Assimilator  
  19  1:12  Gateway  
  19  1:13  Probe (Chrono Boost)  
  19  1:18  Probe (Chrono Boost)  
  20  1:23  Cybernetics Core  
  21  1:29  Probe  
  22  1:35  Pylon  
  22  1:41  Probe  
  23  1:53  Probe  
  24  1:59  Twilight Council  
  24  2:00  Warp Gate  
  24  2:08  Stalker  
  28  2:16  Stalker  
  28  2:19  Pylon  
  27  2:40  Stalker  
  29  2:46  Stalker  
  31  3:10  Nexus  
  31  3:17  Stalker  
  33  3:22  Probe  
  33  3:26  Blink (Chrono Boost)  
  34  3:29  Stalker  
  36  3:41  Probe  
  37  3:44  Pylon  
  37  3:50  Forge  
  37  3:57  Gateway  
  37  4:02  Pylon  
  37  4:04  Sentry  
  39  4:12  Shield Battery  
  39  4:20  Probe  
  39  4:23  Probe  
  41  4:25  Sentry  
  42  4:31  Adept  
  42  4:32  Probe  
  42  4:35  Probe  
  46  4:44  Probe  
  47  4:49  Probe (Chrono Boost)  
  47  4:52  Stalker x2  
  53  5:01  Probe (Chrono Boost)  
  53  5:02  Probe (Chrono Boost)  
  54  5:09  Adept  
  54  5:10  Probe (Chrono Boost)  
  54  5:12  Probe (Chrono Boost)  
  58  5:15  Probe  
  58  5:19  Pylon  
  59  5:23  Probe (Chrono Boost)  
  59  5:27  Probe (Chrono Boost)  
  62  5:38  Probe (Chrono Boost)  
  62  5:39  Probe (Chrono Boost)  
  62  5:42  Nexus  
  63  5:43  Probe (Chrono Boost)  
  63  5:46  Probe  
  63  5:48  Pylon  
  65  5:56  Probe  
  66  5:58  Sentry, Probe  
  66  6:00  Forge  
  66  6:03  Pylon  
  69  6:12  Probe x2 (Chrono Boost)  
  71  6:20  Gateway  
  71  6:21  Shield Battery  
  71  6:22  Gateway  
  71  6:24  Probe (Chrono Boost)  
  71  6:25  Probe (Chrono Boost)  
  73  6:33  Protoss Ground Weapons Level 1 (Chrono Boost), Probe x2 (Chrono Boost)  
  73  6:40  Probe x2  
  73  6:48  Gateway  
  73  6:50  Gateway  
  73  6:51  Adept, Gateway  
  73  6:52  Adept  
  77  6:57  Probe x3  
  80  7:05  Stalker  
  82  7:09  Shield Battery  
  82  7:13  Stalker x2  
  86  7:25  Stalker x2  
  86  7:27  Assimilator  
  86  7:28  Pylon  
  86  7:29  Zealot  
  92  7:31  Assimilator, Probe x3  
  92  7:36  Assimilator  
  95  7:41  Zealot x2  
  96  7:45  Zealot x2  
  96  7:46  Charge (Chrono Boost)  
  97  7:52  Stalker x2  
  97  7:57  Pylon, Stalker  
  99  7:58  Stalker  
  99  7:59  Pylon  
  86  8:05  Probe x2  
  86  8:06  Probe  
  86  8:10  Stalker  
  86  8:12  Stalker x2  
  84  8:17  Probe  
  84  8:18  Probe x2  
  73  8:22  Robotics Facility  
  67  8:30  Probe  
  67  8:31  Stalker x3  
  70  8:34  Sentry, Zealot  
  70  8:38  Protoss Ground Weapons Level 2 (Chrono Boost)  
  74  8:42  Zealot  
  74  8:43  Zealot x2  
  80  8:55  Pylon  
  80  8:58  Zealot x3  
  80  9:01  Sentry, Zealot  
  90  9:05  Zealot  
  90  9:06  Zealot  
  94  9:12  Zealot  
  94  9:13  Pylon  
  96  9:22  Nexus  
  96  9:27  Templar Archives  
  96  9:30  Pylon  
  96  9:31  Observer  
  97  9:37  Zealot x2  
  97  9:38  Zealot  
  103  9:40  Zealot  
  103  9:45  Zealot  
  107  9:47  Pylon  
  107  9:49  Shield Battery  
  107  9:50  Zealot  
  109  9:55  Zealot x2  
  109  9:59  Warp Prism (Chrono Boost)  
  113  10:06  High Templar x2  
  119  10:11  Archon  
  119  10:13  Stalker x2  
  119  10:15  Stalker  
  121  10:22  Stalker x2  
  121  10:27  Stalker  
  125  10:34  Zealot  
  112  10:38  Zealot x4  
  110  10:49  Stalker x2  
Tags
 
Add a new tag
Caveats
  • Supply blocks, unpowered buildings, or Contaminate may cause inaccurate times.
  • Supply counts are checked every 10 seconds.